 Dungeon Crawl Stone Soup version 0.24.0-125-gc4c63601f3 (webtiles) character file.

Game seed: 14985185863626788389, levelgen mode: deterministic

524 Martska the Chiller (level 7, -6/51 HPs)
             Began as a Merfolk Ice Elementalist on Feb 25, 2020.
             Mangled by an iguana (11 damage)
             ... on level 5 of the Dungeon.
             The game lasted 00:17:27 (4471 turns).

Martska the Chiller (Merfolk Ice Elementalist)      Turns: 4471, Time: 00:17:27

Health: -6/51      AC:  5    Str:  8    XL:     7   Next: 22%
Magic:  0/11       EV: 13    Int: 14    God:
Gold:   148        SH:  0    Dex: 17    Spells: 4/12 levels left

rFire    . . .     SeeInvis .   o - +0 spear
rCold    + . .     Gourm    .   (no shield)
rNeg     . . .     Faith    .   d - +0 leather armour
rPois    .         Spirit   .   (no helmet)
rElec    .         Reflect  .   (no cloak)
rCorr    .         Harm     .   m - +0 pair of gloves
MR       .....                  p - +0 pair of boots
Stlth    ++........             (no amulet)
HPRegen  0.17/turn              u - ring of protection from cold
MPRegen  0.12/turn              (no ring)

@: very slightly contaminated, hasted, lightly drained, very quick
A: change form in water, swift swim, stealthy swim
a: no special abilities


You were on level 5 of the Dungeon.
You were not hungry.

You visited 1 branch of the dungeon, and saw 5 of its levels.

You collected 148 gold pieces.

Inventory:

Hand Weapons
 g - a +0 short sword
 j - the +9 dagger of the Median {speed, +Rage rF+ MP+9 Stlth+, unknown}
   (You found it on level 4 of the Dungeon)

   Attacks with this weapon are significantly faster.
   It protects you from fire.
   It affects your magic capacity (+9).
   It lets you go berserk.
   It makes you more stealthy.
 k - a +1 whip of draining
 o - a +0 spear (weapon)
Armour
 a - a +0 robe
 d - a +0 leather armour (worn)
 m - a +0 pair of gloves (worn)
 p - a +0 pair of boots (worn)
Jewellery
 u - a ring of protection from cold (left hand)
Wands
 b - a wand of clouds (1)
 t - a wand of flame (19)
Scrolls
 i - 3 scrolls of remove curse
 r - a scroll of fog
 s - a scroll of enchant armour {unknown}
 v - a scroll of random uselessness {unknown}
 y - a scroll of identify {unknown}
 A - a scroll of blinking {unknown}
Potions
 e - a potion of haste
 f - a potion of cancellation {unknown}
 h - 2 potions of lignification {unknown}
 l - 2 potions of curing {unknown}
 n - 2 potions of agility
 q - a potion of berserk rage {unknown}
 w - a potion of heal wounds {unknown}
 x - a potion of brilliance {unknown}
 z - a potion of ambrosia {unknown}
Comestibles
 c - 2 rations


   Skills:
 * Level 2.9(2.5) Fighting
 * Level 3.7(3.3) Polearms
 + Level 1.6(1.2) Armour
 + Level 4.1(3.7) Dodging
 - Level 3.0(2.6) Stealth
 + Level 3.0(2.6) Spellcasting
 - Level 0.7(0.3) Conjurations
 + Level 2.0(1.6) Charms
 + Level 4.3(3.9) Ice Magic
 + Level 1.6(1.2) Evocations


You had 4 spell levels left.
You knew the following spells:

 Your Spells              Type           Power        Failure   Level  Hunger
a - Freeze                Ice            ##..         6%          1    #......
b - Ozocubu's Armour      Chrm/Ice       #.......     30%         3    ###....
c - Throw Icicle          Conj/Ice       #.......     78%         4    #####..

Your spell library contained the following spells:

 Spells                   Type           Power        Failure   Level  Hunger
 Throw Frost              Conj/Ice       #.....       21%         2    ###....
 Ensorcelled Hibernation  Hex/Ice        #.....       22%         2    ###....
 Corona                   Hex            #......      32%         1    #......
 Dazzling Spray           Conj/Hex       #.....       65%         3    ###....
 Confuse                  Hex            #.......     67%         3    ###....
 Tukima's Dance           Hex            #.......     67%         3    ###....
 Summon Ice Beast         Ice/Summ       #.......     80%         4    #####..


Dungeon Overview and Level Annotations

Branches:
Dungeon (5/15)
 Temple: D:4-7

Altars:
Trog

Annotations:
D:3 Grinder
D:4 Eustachio, Menkaure


Message History

You hit the iguana.
The iguana is heavily wounded.
The iguana bites you. The adder skeleton misses you.
You hit the iguana but do no damage.
The iguana is heavily wounded.
The iguana misses you. The adder skeleton closely misses you.
You completely miss the iguana.
The iguana is heavily wounded.
The iguana bites you but does no damage.
The adder skeleton bites you.
You hit the iguana but do no damage.
The iguana is heavily wounded.
The iguana misses you. The adder skeleton barely misses you.
You closely miss the iguana.
The iguana is heavily wounded.
The iguana bites you!
* * * LOW HITPOINT WARNING * * *
The adder skeleton closely misses you.
It was a potion of haste.
You feel yourself speed up. The iguana bites you!
You die...

#..#.# #. #....
... #...#... #
# #...#.##
.#.##.#......#
......#......
......l...#..#.
......Z@.......
.#.####........
#.####... ... .
#.# #.# ... #..


You could see an iguana and an adder skeleton.

Vanquished Creatures
  An ogre (D:4)
  A wight (D:3)
  A howler monkey (D:4)
  A hound (D:5)
  2 orc wizards
  A centaur skeleton (D:4)
  A bullfrog skeleton (D:3)
  Ijyb (D:3)
  A worker ant (D:4)
  6 adders
  2 oozes
  A worm (D:2)
  2 dart slugs (D:3)
  2 leopard geckos
  8 orcs
  5 giant cockroaches
  9 goblins
  9 hobgoblins
  12 jackals
  A quokka (D:2)
  4 ball pythons
  5 bats
  5 frilled lizards
  7 kobolds
  6 rats
94 creatures vanquished.

Vanquished Creatures (others)
  A wizard (D:3)
  A hobgoblin (D:3)
2 creatures vanquished.

Grand Total: 96 creatures vanquished

Notes
Turn   | Place    | Note
-------+----------+-------------------------------------------
     0 | D:1      | Martska the Merfolk Ice Elementalist began the quest for
                  | the Orb.
     0 | D:1      | Reached XP level 1. HP: 13/13 MP: 3/3
   192 | D:1      | Reached XP level 2. HP: 18/20 MP: 3/5
   523 | D:1      | Reached XP level 3. HP: 22/25 MP: 6/6
   528 | D:1      | Learned a level 3 spell: Ozocubu's Armour
   732 | D:2      | Reached skill level 1 in Fighting
   847 | D:2      | Reached XP level 4. HP: 28/32 MP: 7/7
  1314 | D:2      | Reached skill level 1 in Polearms
  1314 | D:2      | Reached skill level 1 in Armour
  1314 | D:2      | Reached skill level 1 in Charms
  1314 | D:2      | Reached XP level 5. HP: 22/37 MP: 8/8
  1920 | D:3      | Noticed Ijyb
  2134 | D:3      | Learned a level 4 spell: Throw Icicle
  2178 | D:3      | Found a bloodstained altar of Trog.
  2235 | D:3      | Noticed a wizard
  2238 | D:3      | Killed a wizard
  2372 | D:3      | Noticed Grinder
  2387 | D:3      | Paralysed by Grinder for 7 turns
  2395 | D:3      | Paralysed by Grinder for 5 turns
  2739 | D:3      | Killed Ijyb
  2739 | D:3      | Reached skill level 1 in Evocations
  2949 | D:3      | Reached XP level 6. HP: 34/44 MP: 8/10
  3529 | D:4      | Got a dazzling dagger
  3771 | D:4      | Reached XP level 7. HP: 35/51 MP: 6/11
  3818 | D:4      | Noticed Menkaure
  3881 | D:4      | Noticed Eustachio
  4410 | D:5      | Entered Level 5 of the Dungeon
  4471 | D:5      | Mangled by an iguana

Levels and vault maps discovered:
D:1:      psy_arrival_terrarium, layout_basic
D:2:      layout_rooms, first_ration, serial_bayou_pond_a
D:3:      layout_basic, trog_wizard, uniq_grinder, uniq_ijyb
D:4:      layout_basic, cheibriados_altar_1, grunt_temple_overflow_cloverleaf,
          gammafunk_ghost_necromancy, uniq_menkaure, uniq_eustachio
D:5:      layout_basic, kennysheep_mini, grunt_ministairs_1,
          kennysheep_nondescript

Skill      XL: |  1  2  3  4  5  6  7 |
---------------+----------------------+-----
Dodging        | 3 4 |  4.1
Fighting       | 1 2 |  2.9
Stealth        | 3 |  3.0
Polearms       | 1 2 3 |  3.7
Armour         | 1 |  1.6
Charms         | 1 2 |  2.0
Ice Magic      | 4 |  4.3
Evocations     | 1 |  1.6
Spellcasting   | 3 |  3.0
Conjurations   | |  0.7

Action                   |  1- 3 |  4- 6 |  7- 9 || total
-------------------------+-------+-------+-------++-------
Melee: Dagger            |    24 |       |       ||    24
       Short sword       |    24 |       |       ||    24
       Whip              |    29 |   139 |       ||   168
       Spear             |       |    73 |    86 ||   159
 Cast: Freeze            |    19 |    18 |    15 ||    52
       Ozocubu's Armour  |       |     6 |     3 ||     9
  Use: Scroll            |       |     4 |     2 ||     6
       Potion            |       |       |     1 ||     1
 Stab: Sleeping          |     1 |     7 |     1 ||     9
       Distracted        |       |       |     1 ||     1
  Eat: Ration            |       |     3 |     1 ||     4
       Chunk             |       |     2 |       ||     2
Armor: Robe              |     3 |       |       ||     3
       Leather armour    |    14 |    78 |    37 ||   129
Dodge: Dodged            |    55 |   160 |    86 ||   301
